Construct Section Command Post
Construct Platoon Command Post
Construct Company Command Post
Unlock M3 Grant Medium Tanks
Unlock Bishop Self-propelled Artillery
Bishop Self-propelled Artillery
Selects Australian Defense Battlegroup
Selects CMP 15cwt Supply Run
Selects Reinforced Resource Caches
Selects Archer Tank Destroyer
Bishop Self-propelled Artillery
Selects Australian Light Infantry Section
Selects Defensive Tactics
Bishop Self-propelled Artillery
Bishop Self-propelled Artillery